 Dungeon Crawl Stone Soup version 0.21.1-1-g345015fe64 (webtiles) character file.

535 olivermjmjc the Chopper (level 7, -7/60 HPs)
             Began as a Ghoul Gladiator on June 5, 2018.
             Mangled by an ogre
             ... wielding a +0 giant club
              (17 damage)
             ... on level 4 of the Dungeon.
             The game lasted 00:20:20 (2542 turns).

olivermjmjc the Chopper (Ghoul Gladiator)           Turns: 2542, Time: 00:20:21

Health: -7/60      AC: 13    Str: 20    XL:     7   Next: 25%
Magic:  6/6        EV:  6    Int:  3    God:
Gold:   235        SH:  0    Dex: 10    Spells: 6/6 levels left

rFire    . . .     SeeInvis .   m - +0 scythe
rCold    + . .     Gourm    .   (shield currently unavailable)
rNeg     + + +     Faith    .   g - +0 plate armour
rPois    ∞         Spirit   .   c - +0 helmet
rElec    .         Reflect  .   (no cloak)
rCorr    .         Harm     .   (no gloves)
MR       .....                  t - +0 pair of boots
Stlth    ..........             (no amulet)
HPRegen  0.00/turn              (no ring)
MPRegen  0.10/turn              (no ring)

@: rotting
A: rotting body, claws 1, carnivore, cold resistance 1, negative energy
resistance 3, inhibited regeneration, torment resistance, unbreathing
a: no special abilities


You were on level 4 of the Dungeon.
You were not hungry.

You visited 1 branch of the dungeon, and saw 4 of its levels.

You collected 235 gold pieces.

Inventory:

Hand Weapons
 a - a +0 war axe
 m - a +0 scythe (weapon)
Missiles
 d - 3 throwing nets (quivered)
 u - 84 stones
 y - 25 arrows
Armour
 c - a +0 helmet (worn)
 g - a +0 plate armour (worn)
 t - a +0 pair of boots (worn)
Jewellery
 b - a +3 ring of dexterity {unknown}
Scrolls
 e - a scroll of random uselessness {unknown}
 j - a scroll of teleportation
 k - a scroll of amnesia {unknown}
 l - a scroll of blinking {unknown}
 n - a scroll of noise
 o - a scroll of enchant weapon {unknown}
 r - a scroll of immolation {unknown}
 x - a scroll of magic mapping {unknown}
Potions
 h - a potion of berserk rage
 i - 5 potions of curing {unknown}
 p - 2 potions of lignification
 q - a potion of heal wounds {unknown}
 s - a potion of haste {unknown}
 v - a potion of magic {unknown}
Comestibles
 f - 5 rations


   Skills:
 * Level 4.6 Fighting
 - Level 5.0(5.1) Axes
 + Level 1.7(3.6) Polearms
 - Level 1.7 Throwing
 + Level 2.7 Armour
 + Level 3.1 Dodging


You had 6 spell levels left.
You didn't know any spells.

Dungeon Overview and Level Annotations

Branches:
Dungeon (4/15)
 Temple: D:4-7

Altars:
The Shining One

Annotations:
D:4 Dowan, Duvessa


Innate Abilities, Weirdness & Mutations

Your body is rotting away.
You thrive on raw meat.
You are immune to poison.
You have sharp fingernails.
You are carnivorous and can eat meat at any time.
Your flesh is cold resistant. (rC+)
You are immune to negative energy. (rN+++)
You do not regenerate when monsters are visible.
You are immune to unholy pain and torment.
You can survive without breathing.


Message History

The ogre is moderately wounded.
The ogre hits you but does no damage. The ogre barely misses you.
All of the chunks of flesh in your inventory have rotted away.
You barely miss the ogre.
The ogre is moderately wounded.
The ogre hits you with a giant club!
You slash the ogre!
The ogre is almost dead.
The ogre hits you with a giant club! The ogre barely misses you.
Your plate armour prevents you from hitting the ogre.
The ogre is almost dead.
The ogre barely misses you.
You barely miss the ogre.
The ogre is almost dead.
The ogre hits you with a giant club!!
* * * LOW HITPOINT WARNING * * *
You hit the ogre but do no damage.
The ogre is almost dead.
The ogre barely misses you. The ogre hits you with a giant club!
You die...

. .. ... #
.... .#
...####.###
#.......#
#..@O...#
#..........
#........##
#.......##
#.......#
#.......#
#....?..#
#########


You could see an ogre.

Vanquished Creatures
  Grinder (D:3)
  Sigmund (D:3)
  The ghost of tjtr the Shooter, an amateur GnWn (D:3)
  Jessica (D:3)
  2 worms
  A dart slug (D:1)
  2 leopard geckos (D:2)
  5 orcs (D:3)
  7 bats
  4 giant cockroaches
  9 hobgoblins
  A quokka (D:3)
  A ball python (D:1)
  4 frilled lizards
  6 goblins
  5 kobolds
  8 rats
59 creatures vanquished.

Notes
Turn   | Place    | Note
-------+----------+-------------------------------------------
     0 | D:1      | olivermjmjc the Ghoul Gladiator began the quest for the Orb.
     0 | D:1      | Reached XP level 1. HP: 17/17 MP: 0/0
   202 | D:1      | Reached XP level 2. HP: 23/24 MP: 1/1
   573 | D:1      | Reached skill level 3 in Axes
   864 | D:2      | Found a glowing golden altar of the Shining One.
   880 | D:2      | Reached XP level 3. HP: 30/30 MP: 2/2
  1648 | D:3      | Noticed Jessica
  1654 | D:3      | Killed Jessica
  1654 | D:3      | Reached XP level 4. HP: 37/37 MP: 3/3
  1661 | D:3      | Noticed tjtr's ghost (amateur GnWn)
  1677 | D:3      | Killed tjtr's ghost
  1677 | D:3      | Reached skill level 4 in Axes
  1677 | D:3      | Reached skill level 1 in Armour
  1677 | D:3      | Reached XP level 5. HP: 31/45 MP: 4/4
  1742 | D:3      | Noticed Sigmund
  1754 | D:3      | Killed Sigmund
  1754 | D:3      | Reached XP level 6. HP: 31/52 MP: 5/5
  1759 | D:3      | Reached skill level 5 in Axes
  1986 | D:3      | Noticed Grinder
  2019 | D:3      | Killed Grinder
  2019 | D:3      | Reached skill level 1 in Polearms
  2019 | D:3      | Reached XP level 7. HP: 25/60 MP: 6/6
  2215 | D:3      | Found a faded altar of an unknown god.
  2497 | D:4      | Noticed Duvessa
  2497 | D:4      | Noticed Dowan
  2542 | D:4      | Mangled by an ogre

Skill      XL: |  1  2  3  4  5  6 |
---------------+-------------------+-----
Dodging        | 3 |  3.1
Axes           | 3 4 5 |  5.0
Fighting       | 3 4 |  4.6
Armour         | 1 2 |  2.7
Polearms       | 1 |  1.7
Throwing       | |  1.7

Action                   |  1- 3 |  4- 6 |  7- 9 || total
-------------------------+-------+-------+-------++-------
Melee: War axe           |   125 |    25 |       ||   150
       Scythe            |       |    51 |    33 ||    84
Throw: Throwing net      |     1 |       |       ||     1
  Use: Scroll            |     3 |     1 |       ||     4
  Eat: Chunk             |    19 |     1 |     7 ||    27
Armor: Plate armour      |    95 |   109 |    25 ||   229
Dodge: Dodged            |    45 |    36 |    19 ||   100
